 Dungeon Crawl Stone Soup version 0.17-a0-1435-geafbe2f (webtiles) character file.

9772 pulse the Protected (level 11, -1/87 (89) HPs)
             Began as a Human Fighter on June 26, 2015.
             Was an Elder of Qazlal.
             Slain by a 11-headed hydra (7 damage)
             ... on level 1 of the Lair of Beasts.
             The game lasted 00:41:55 (13142 turns).

pulse the Protected (Human Fighter)                Turns: 13142, Time: 00:41:57

HP:   -1/87 (89)    AC: 20    Str: 19    XL:     11   Next: 80%
MP:   11/11         EV:  4    Int:  9    God:    Qazlal [****..]
Gold: 634           SH: 15    Dex: 13    Spells: 0 memorised, 10 levels left

rFire  + . .     SeeInvis .     z - +2 war axe (elec)
rCold  . . .     Clarity  .     f - +0 plate armour
rNeg   . . .     SustAt   .     c - +0 shield
rPois  .         Gourm    .     (no helmet)
rElec  .         Spirit   .     s - +2 cloak
rCorr  .         Warding  .     (no gloves)
rMut   .         Stasis   .     u - +0 pair of boots
MR     .....                    (no amulet)
Stlth  ..........               y - ring of stealth
                                b - ring of protection from fire

@: about to teleport, repel missiles, not resistant to hostile enchantments,
extremely unstealthy
A: no striking features
a: Upheaval, Elemental Force, Renounce Religion


You were on level 1 of the Lair of Beasts.
You worshipped Qazlal.
Qazlal was greatly pleased with you.
You were not hungry.

You visited 2 branches of the dungeon, and saw 12 of its levels.

You collected 634 gold pieces.

Inventory:

Hand weapons
 w - a +2 mace of protection
 z - a +2 war axe of electrocution (weapon)
Missiles
 h - 3 javelins of penetration (quivered)
Armour
 c - a +0 shield (worn)
 f - a +0 plate armour (worn)
 p - a +0 chain mail of poison resistance
 s - a +2 cloak (worn)
 u - a +0 pair of boots (worn)
Jewellery
 b - a ring of protection from fire (left hand)
 y - a ring of stealth (right hand)
Magical devices
 n - a wand of lightning (0)
 t - a wand of fire (2)
 D - a wand of draining (6)
Scrolls
 k - a scroll of magic mapping
 l - 4 scrolls of teleportation
 m - a scroll of enchant weapon
 q - 2 scrolls of remove curse
 x - a scroll of blinking {unknown}
Potions
 e - a potion of haste
 i - a potion of flight
 j - a potion of agility {unknown}
 o - a potion of lignification
 r - 4 potions of curing
 A - a potion of degeneration {unknown}
 C - a potion of brilliance
Books
 d - a book of Flames

   Spells                             Type                      Level
   a - Flame Tongue                   Conjuration/Fire             1
   b - Throw Flame                    Conjuration/Fire             2
   c - Conjure Flame                  Conjuration/Fire             3
   d - Inner Flame                    Hexes/Fire                   3
   e - Sticky Flame                   Conjuration/Fire             4
   f - Fireball                       Conjuration/Fire             5
Comestibles
 a - 2 meat rations
 g - 5 slices of pizza
 v - 6 bread rations
 B - 6 beef jerkies


   Skills:
 + Level 9.6 Fighting
 * Level 9.8 Axes
 + Level 11.6 Armour
 * Level 4.8 Shields
 - Level 0.6 Evocations


You had 10 spell levels left.
You didn't know any spells.

Dungeon Overview and Level Annotations

Branches:
Dungeon (11/15)            Temple (0/1) D:7            Lair (1/8) D:8
    Orc (0/4) D:10

Altars:
Elyvilon
Gozag
Qazlal
Xom

Shops:
D:7 =   D:10 (


Message History

The 11-headed hydra bites you. x2
The 11-headed hydra bites you but does no damage.
The 11-headed hydra bites you!
* * * LOW HITPOINT WARNING * * *
You block the 11-headed hydra's attack.
The 11-headed hydra bites you but does no damage.
The 11-headed hydra bites you.
* * * LOW HITPOINT WARNING * * *
You block the 11-headed hydra's attack.
The 11-headed hydra bites you but does no damage.
You block the 11-headed hydra's attack.
The 11-headed hydra bites you but does no damage.
As you read the scroll of teleportation, it crumbles to dust.
You feel strangely unstable. The 11-headed hydra bites you!
* * * LOW HITPOINT WARNING * * *
The 11-headed hydra bites you but does no damage.
The 11-headed hydra bites you.
* * * LOW HITPOINT WARNING * * *
You block the 11-headed hydra's attack. The 11-headed hydra bites you!
You die...

.......... #.D.......
#.§....... #.÷+#### #
### ###....## ##.##+#.##
####..## ##.....§..#
#...... #.......<.#
###......
+...§§@§.######........
#....D..§##.##..#......
#....§§.§.##....##......
##........'..#####......
#........#### #......
#......(.# ##.#.P.
#........# #####.
#####.#+## # #.


You could see a 11-headed hydra.

Vanquished Creatures
  Erolcha (D:8)
  2 hill giants (D:10)
  A centaur zombie (D:10)
  2 trolls
  A deep elf mage (D:11)
  A human (D:7)
  7 yaks
  A hungry ghost (D:7)
  Menkaure (D:4)
  2 hippogriffs
  An ice beast (D:8)
  A water moccasin (D:6)
  A porcupine (Lair:1)
  A black bear (D:6)
  4 sky beasts
  5 ogres
  2 necrophages
  5 orc warriors
  3 centaurs
  3 phantoms
  A crocodile (D:10)
  A big kobold (D:5)
  5 giant frogs
  A wyvern skeleton (D:9)
  3 wights (D:7)
  A vampire bat (D:8)
  4 killer bees (D:7)
  2 scorpions (D:5)
  2 giant frog zombies
  6 hounds
  3 jellies
  3 crimson imps (D:9)
  4 centaur skeletons
  3 giant frog skeletons
  3 orc priests
  3 iguanas
  9 worker ants
  16 orc wizards
  3 sheep (D:7)
  A killer bee zombie (D:9)
  20 gnolls
  2 hound skeletons
  A worker ant zombie (D:8)
  5 adders
  2 oozes
  An adder zombie (D:5)
  3 worms
  10 giant geckos
  35 orcs
  22 bats
  5 giant cockroaches
  18 hobgoblins
  4 jackals
  A quokka (D:10)
  3 ball pythons
  A giant gecko skeleton (D:5)
  7 giant newts
  11 goblins
  16 kobolds
  17 rats
  2 plants (D:8)
305 creatures vanquished.

Vanquished Creatures (others)
  2 plants (D:8)
2 creatures vanquished.

Grand Total: 307 creatures vanquished

Notes
Turn   | Place    | Note
--------------------------------------------------------------
     0 | D:1      | pulse the Human Fighter began the quest for the Orb.
     0 | D:1      | Reached XP level 1. HP: 18/18 MP: 1/1
   165 | D:1      | Reached XP level 2. HP: 24/24 MP: 2/2
   830 | D:2      | Reached XP level 3. HP: 26/29 MP: 3/3
   912 | D:2      | Reached XP level 4. HP: 3/35 MP: 4/4
   913 | D:2      | Reached skill level 4 in Axes
  2005 | D:3      | Reached XP level 5. HP: 30/41 MP: 5/5
  2600 | D:3      | Reached skill level 5 in Axes
  2765 | D:4      | Reached XP level 6. HP: 26/47 MP: 6/6
  3424 | D:4      | Noticed Menkaure
  3436 | D:4      | Killed Menkaure
  3436 | D:4      | Reached skill level 6 in Axes
  3436 | D:4      | Reached XP level 7. HP: 13/52 MP: 7/7
  3852 | D:4      | Reached skill level 5 in Armour
  3861 | D:4      | Found a white marble altar of Elyvilon.
  3863 | D:4      | Found a stormy altar of Qazlal.
  3865 | D:4      | Found an opulent altar of Gozag.
  3876 | D:4      | Became a worshipper of Qazlal Stormbringer
  4283 | D:5      | Entered Level 5 of the Dungeon
  4459 | D:5      | Reached XP level 8. HP: 58/60 MP: 8/8
  5066 | D:5      | Acquired Qazlal's first power
  5477 | D:6      | Reached skill level 7 in Armour
  5648 | D:6      | Reached skill level 5 in Fighting
  5750 | D:6      | Reached XP level 9. HP: 51/68 MP: 9/9
  6641 | D:6      | Reached skill level 8 in Armour
  7145 | D:7      | Found a staircase to the Ecumenical Temple.
  7315 | D:7      | Acquired Qazlal's second power
  7702 | D:7      | Reached skill level 9 in Armour
  7752 | D:7      | Reached XP level 10. HP: 42/77 MP: 10/10
  8122 | D:7      | Found Yleqyel's Jewellery Shop.
  8216 | D:8      | Noticed Erolcha
  8524 | D:8      | Killed Erolcha
  8812 | D:8      | Reached skill level 10 in Armour
  9214 | D:8      | Found a staircase to the Lair.
  9841 | D:8      | Acquired Qazlal's third power
 10970 | D:9      | Reached XP level 11. HP: 72/85 MP: 11/11
 11137 | D:9      | Reached skill level 11 in Armour
 11417 | Lair:1   | Entered Level 1 of the Lair of Beasts
 11443 | Lair:1   | Noticed a seven-headed hydra
 11949 | D:10     | Entered Level 10 of the Dungeon
 11956 | D:10     | Noticed a hill giant
 11962 | D:10     | Killed a hill giant
 12081 | D:10     | Found Irurrox's Antique Weapon Emporium.
 12104 | D:10     | Acquired Qazlal's fourth power
 12160 | D:10     | Found a shimmering altar of Xom.
 12265 | D:10     | Noticed a hill giant
 12276 | D:10     | Killed a hill giant
 12574 | D:10     | Found a staircase to the Orcish Mines.
 13142 | Lair:1   | Slain by a 11-headed hydra

Vault maps used:
D:1:      wheals_arrival_shading
D:2:      kennysheep_big_flooded_room
D:3:      first_bread
D:4:      gammafunk_temple_overflow_forgotten, uniq_menkaure
D:7:      temple_pool_b, serial_shops, nicolae_shop_window_shopping,
          grunt_livestock
D:8:      david_lair_shrubbed, roderic_batcave, uniq_erolcha
D:10:     david_orc_4, serial_shops, nicolae_shop_stone, xom_teletrap_fun
D:11:     minivault_12
Lair:1:   minivault_23, beast_lair_carwin_5

Action                   |  1- 3 |  4- 6 |  7- 9 | 10-12 || total
-------------------------+-------+-------+-------+-------++-------
Melee: War axe           |    78 |    27 |       |   135 ||   240
       Spear             |       |   221 |   592 |   352 ||  1165
       Mace              |       |       |       |   196 ||   196
Throw: Javelin           |       |       |       |     1 ||     1
Evoke: Wand              |       |       |     1 |     5 ||     6
  Use: Potion            |     5 |       |     1 |     2 ||     8
       Scroll            |     1 |     4 |     7 |    11 ||    23
  Eat: Bread ration      |       |     2 |     1 |       ||     3
       Chunk             |       |     2 |     3 |     6 ||    11
       Meat ration       |       |       |     1 |     1 ||     2
       Pizza             |       |       |       |     5 ||     5
